Map: Catalyst LE

Players

Nerchio - Winner!

  • Race: Zerg Zerg
  • Spawn Location: 5:00

GogojOey

  • Race: Zerg Zerg
  • Spawn Location: 11:00

Event: WCS Leipzig 2018

VOD

Have the link to the VOD?

Description

Time

  • Played on: Jan. 26, 2018, 1:01 p.m.
  • Length: 10:53

All games in this series

Show
View Real Time Build Order
Export as new Build Order

Nerchio Zerg - Winner!

Build Orders: Hatch First 

Get SALT Encoding   

  12  0:00  Drone  
  13  0:12  Overlord  
  13  0:17  Drone  
  14  0:31  Drone x2  
  14  0:34  Drone  
  17  0:52  Hatchery  
  17  0:55  Drone  
  17  0:57  Drone  
  18  1:08  Extractor  
  17  1:13  Spawning Pool  
  17  1:16  Drone  
  17  1:19  Drone  
  18  1:28  Drone  
  19  1:41  Overlord  
  19  1:49  Drone  
  20  1:59  Queen  
  20  2:00  Zergling x2  
  23  2:03  Queen  
  23  2:04  Zergling x2  
  23  2:07  Metabolic Boost  
  26  2:11  Drone  
  26  2:14  Drone  
  28  2:22  Drone  
  29  2:25  Drone  
  30  2:32  Zergling x2  
  31  2:40  Hatchery  
  31  2:43  Baneling Nest  
  29  2:47  Drone  
  29  2:50  Drone  
  31  2:52  Zergling x2  
  31  2:56  Overlord  
  32  3:01  Zergling x2  
  32  3:07  Queen  
  32  3:09  Zergling x2  
  35  3:17  Drone x3  
  38  3:20  Drone  
  38  3:21  Drone  
  38  3:24  Drone  
  38  3:26  Drone  
  42  3:28  Drone  
  43  3:37  Overlord  
  43  3:38  Evolution Chamber  
  43  3:39  Drone  
  43  3:43  Overlord  
  43  3:52  Drone x3  
  43  3:53  Drone x2  
  48  3:56  Drone x2  
  50  4:05  Zerg Missile Weapons Level 1  
  50  4:07  Drone, Roach Warren  
  50  4:10  Drone  
  50  4:13  Drone  
  50  4:14  Drone  
  50  4:15  Extractor  
  50  4:16  Extractor  
  51  4:17  Drone  
  51  4:18  Drone  
  53  4:25  Lair  
  53  4:35  Zergling x4  
  53  4:36  Baneling x2  
  53  4:37  Zergling x12  
  60  4:42  Baneling  
  60  4:43  Baneling  
  60  4:46  Zergling x2  
  60  4:48  Zergling x4  
  60  4:50  Baneling  
  60  4:51  Spine Crawler, Baneling  
  62  4:55  Zergling x2  
  62  4:56  Zergling x4  
  62  4:58  Baneling  
  64  5:00  Zergling x2  
  64  5:01  Overlord  
  65  5:20  Drone x2  
  67  5:22  Hatchery, Glial Reconstitution  
  67  5:23  Extractor  
  67  5:24  Overlord  
  65  5:32  Roach  
  65  5:34  Overlord x2  
  67  5:38  Overlord  
  67  5:39  Evolution Chamber  
  66  5:43  Overlord  
  66  5:45  Drone x3  
  66  5:47  Drone  
  70  5:54  Drone x2  
  70  5:56  Roach x2  
  76  6:02  Roach  
  78  6:04  Roach  
  78  6:06  Zerg Missile Weapons Level 2  
  80  6:11  Zerg Ground Armor Level 1  
  80  6:13  Roach  
  82  6:20  Roach x2  
  86  6:27  Roach x3  
  86  6:28  Roach  
  86  6:32  Roach  
  95  6:33  Roach  
  95  6:36  Roach  
  98  6:40  Roach x2  
  98  6:43  Roach  
  98  6:45  Overlord  
  104  6:48  Roach  
  104  6:53  Roach  
  104  6:54  Roach  
  110  6:56  Roach  
  110  6:59  Overlord  
  112  7:02  Overlord  
  112  7:05  Roach  
  112  7:08  Roach  
  116  7:10  Roach  
  116  7:12  Roach  
  120  7:16  Ravager x2  
  120  7:17  Roach  
  120  7:19  Roach  
  126  7:23  Roach  
  126  7:24  Roach  
  126  7:28  Roach  
  126  7:29  Roach  
  132  7:31  Roach  
  132  7:35  Roach  
  128  7:37  Roach  
  128  7:38  Roach  
  128  7:41  Roach  
  123  7:44  Roach  
  123  7:49  Drone  
  123  7:50  Drone x3  
  128  7:58  Drone x3  
  125  7:59  Roach x2  
  125  8:02  Roach  
  125  8:04  Roach  
  133  8:07  Roach  
  133  8:10  Overseer  
  136  8:12  Drone  
  136  8:13  Drone  
  136  8:15  Overlord  
  136  8:19  Overlord  
  137  8:20  Ravager  
  137  8:21  Overlord  
  138  8:30  Overlord  
  138  8:33  Roach, Overlord  
  138  8:34  Roach x2  
  142  8:36  Ravager x2  
  142  8:38  Roach  
  152  8:41  Roach x2  
  152  8:44  Roach  
  152  8:46  Roach  
  152  8:47  Roach  
  158  8:50  Roach  
  158  8:51  Roach  
  158  8:52  Ravager  
  158  8:54  Roach  
  167  8:55  Roach  
  167  8:57  Roach  
  167  8:59  Overseer  
  167  9:01  Roach  
  171  9:04  Roach  
  171  9:05  Roach  
  171  9:07  Roach  
  171  9:09  Overlord  
  177  9:29  Roach  
  177  9:30  Roach x3  
  185  9:33  Overlord  
  185  9:35  Overlord  
  185  9:40  Ravager, Overlord  
  185  9:44  Overlord x2  
  186  9:47  Overlord  
  186  9:52  Roach x3  
  194  9:53  Roach  
  194  9:54  Ravager x3  
  194  9:55  Ravager, Roach  
  200  10:07  Extractor  
  199  10:16  Hatchery, Extractor  
  197  10:21  Roach  
  199  10:33  Roach x2  
  199  10:34  Roach x4  
Show
View Real Time Build Order
Export as new Build Order

GogojOey Zerg 

Build Orders: Hatch First 

Get SALT Encoding   

  12  0:00  Drone  
  13  0:12  Overlord  
  13  0:17  Drone  
  14  0:31  Drone x2  
  14  0:35  Drone  
  17  0:53  Hatchery  
  17  0:55  Drone  
  17  0:58  Drone  
  18  1:09  Extractor  
  17  1:12  Spawning Pool  
  17  1:16  Drone  
  17  1:20  Drone  
  18  1:28  Drone  
  19  1:38  Overlord  
  19  1:49  Drone  
  20  2:00  Queen  
  20  2:01  Zergling x2  
  23  2:04  Queen  
  23  2:05  Zergling x2  
  26  2:12  Drone  
  27  2:16  Drone  
  27  2:22  Drone  
  29  2:27  Drone  
  30  2:33  Drone  
  30  2:36  Queen  
  34  2:37  Drone  
  34  2:44  Overlord  
  34  2:50  Drone  
  35  2:57  Drone  
  36  3:03  Evolution Chamber  
  36  3:05  Roach Warren  
  34  3:07  Metabolic Boost  
  34  3:08  Drone x3  
  34  3:09  Drone  
  38  3:15  Drone x3  
  38  3:16  Drone  
  42  3:23  Overlord, Evolution Chamber  
  41  3:31  Zerg Missile Weapons Level 1  
  40  3:34  Overlord  
  40  3:36  Overlord  
  40  3:45  Zergling x2  
  40  3:46  Zergling x10  
  40  3:48  Zergling x2  
  47  3:51  Zergling x4  
  50  3:55  Zergling x4  
  51  4:04  Zergling x2  
  52  4:12  Overlord  
  52  4:20  Lair  
  52  4:22  Overlord  
  52  4:23  Drone x7, Extractor  
  58  4:24  Extractor  
  57  4:35  Drone x2  
  59  4:46  Overlord x2  
  59  4:52  Hatchery  
  46  5:08  Roach  
  46  5:09  Roach x5  
  57  5:14  Zerg Ground Armor Level 1  
  57  5:15  Drone  
  57  5:16  Drone x2  
  57  5:19  Zergling x2, Roach  
  63  5:28  Extractor  
  63  5:33  Roach x2  
  70  5:42  Roach  
  70  5:43  Roach x3  
  70  5:46  Overlord  
  70  5:49  Drone x2  
  76  5:54  Roach x2  
  76  5:56  Glial Reconstitution  
  79  5:58  Roach  
  81  6:07  Roach  
  87  6:11  Roach x4  
  87  6:12  Hatchery  
  87  6:18  Overlord x2  
  90  6:19  Drone  
  90  6:25  Overlord  
  91  6:30  Overlord  
  91  6:32  Zerg Missile Weapons Level 2  
  91  6:37  Roach  
  93  6:42  Roach x4  
  101  6:53  Roach x3  
  101  6:54  Roach  
  109  6:57  Roach  
  111  7:01  Roach  
  111  7:06  Roach  
  115  7:09  Overlord  
  115  7:10  Roach x2  
  115  7:14  Roach  
  121  7:16  Drone x2  
  121  7:18  Overlord  
  123  7:23  Overlord  
  127  7:30  Roach x2  
  115  7:38  Roach x3  
  115  7:39  Roach x3  
  105  7:44  Roach  
  105  7:48  Roach x3  
  105  7:49  Roach  
  109  7:56  Roach x2  
  107  8:00  Roach x2  
  109  8:06  Roach x3  
  109  8:10  Roach x2  
  119  8:17  Roach  
  119  8:18  Roach x2  
  125  8:21  Roach  
  125  8:22  Roach  
  129  8:28  Roach  
  129  8:32  Drone  
  129  8:33  Drone x4  
  136  8:43  Drone  
  136  8:47  Drone x2  
  136  8:48  Drone  
  140  8:49  Overseer  
  140  8:54  Overlord  
  140  8:56  Drone  
  140  8:58  Drone  
  142  9:04  Drone x3, Extractor  
  142  9:06  Roach  
  142  9:08  Ravager x2  
  148  9:11  Roach x2  
  148  9:14  Roach  
  148  9:16  Ravager  
  155  9:17  Ravager  
  155  9:21  Roach x2  
  160  9:24  Roach  
  162  9:34  Overlord  
  162  9:42  Overlord  
  162  9:43  Overlord  
  162  9:46  Extractor  
  162  9:48  Overlord x2  
  161  9:54  Roach x4  
  161  9:58  Overlord  
  161  9:59  Hatchery  
  168  10:02  Roach x3  
  168  10:03  Roach x2  
  178  10:07  Roach  
  178  10:08  Roach  
  178  10:13  Roach x2  
  178  10:14  Roach  
  188  10:17  Roach x2  
  188  10:20  Roach  
  188  10:21  Roach  
  196  10:33  Roach x5  
Tags
 
Add a new tag
Caveats
  • Supply blocks, unpowered buildings, or Contaminate may cause inaccurate times.
  • Supply counts are checked every 10 seconds.